 Dungeon Crawl Stone Soup version 0.20.1-1-g8b1a95d66d (webtiles) character file.

105 Danqa the Ducker (level 4, -7/24 HPs)
             Began as a Spriggan Abyssal Knight on Nov 25, 2017.
             Was a Follower of Lugonu.
             Killed by divine providence
             ... invoked by an orc priest
              (10 damage)
             ... on level 3 of the Dungeon.
             The game lasted 00:07:00 (1905 turns).

Danqa the Ducker (Spriggan Abyssal Knight)          Turns: 1905, Time: 00:07:00

Health: -7/24      AC:  2    Str:  8    XL:     4   Next: 53%
Magic:  6/6        EV: 19    Int: 13    God:    Lugonu [*.....]
Gold:   168        SH:  0    Dex: 16    Spells: 3/3 levels left

rFire    . . .     SeeInvis +   e - +0 shortbow
rCold    . . .     Gourm    .   (shield currently unavailable)
rNeg     . . .     Faith    .   b - +0 robe
rPois    .         Spirit   .   (helmet restricted)
rElec    .         Reflect  .   (no cloak)
rCorr    .         Harm     .   (gloves unavailable)
MR       .....                  (boots unavailable)
Stlth    ++........             (no amulet)
Regen    0.1/turn               (no ring)
MPRegen  0.1/turn               (no ring)

@: very quick
A: unfitting armour, see invisible, herbivore 3, speed 3, slow metabolism 2
a: Depart the Abyss, Renounce Religion


You were on level 3 of the Dungeon.
You worshipped Lugonu.
Lugonu was aware of your devotion.
You were not hungry.

You visited 1 branch of the dungeon, and saw 3 of its levels.
You visited the Abyss 1 time.

You collected 168 gold pieces.

Inventory:

Hand Weapons
 a - a +1 short sword
 e - a +0 shortbow (weapon)
 o - a +0 dagger of venom
Missiles
 f - 75 arrows (quivered)
Armour
 b - a +0 robe (worn)
 g - a +0 pair of gloves
Jewellery
 r - an uncursed amulet of harm {unknown}
Wands
 h - a wand of random effects (33/48)
Scrolls
 d - a scroll of fog {unknown}
 i - a scroll of recharging
 j - 2 scrolls of identify
 q - a scroll of teleportation {unknown}
 t - a scroll of blinking {unknown}
Potions
 k - 2 potions of invisibility
 l - a potion of degeneration {unknown}
 n - 2 potions of haste {unknown}
 s - a potion of curing {unknown}
Comestibles
 c - a bread ration
 m - a royal jelly


   Skills:
 + Level 3.1 Fighting
 + Level 2.1 Short Blades
 + Level 3.1 Bows
 + Level 4.1 Dodging
 * Level 2.4 Stealth
 + Level 1.8 Invocations


You had 3 spell levels left.
You didn't know any spells.

Dungeon Overview and Level Annotations

Branches:
Dungeon (3/15)

Altars:


Innate Abilities, Weirdness & Mutations

You are very small and have problems with some larger weapons.
You are too small for most types of armour.
You have supernaturally acute eyesight. (SInv)
You are a herbivore.
You cover ground extremely quickly.
You need consume almost no food.


Message History

The arrow hits the orc but does no damage.
Firing (i - inventory):
f - 77 arrows (quivered)
Press: ? - help, Shift-Dir - straight line, f/p - orc
Aim: an orc, wielding a trident and wearing a ring mail You shoot an arrow.
The arrow hits the orc.
The orc is severely wounded.
The orc misses you.
The orc priest calls down the wrath of Beogh upon you.
Beogh smites you!
Ouch! That really hurt!
* * * LOW HITPOINT WARNING * * *
Firing (i - inventory):
f - 76 arrows (quivered)
Press: ? - help, Shift-Dir - straight line, f/p - orc
Aim: an orc, wielding a trident and wearing a ring mail (severely wounded)
You shoot an arrow. The arrow hits the orc.
You kill the orc!
Lugonu accepts your kill.
The orc priest invokes the aid of Beogh against you.
Beogh smites you!
You die...

########### #.#...#..###.
#.........# #.#.#.#...##.
#.........####.....#...... #...
#.........'.####.#####..#. #...
#.........#.####.######... #...
#.........#...........#... #..o
#.........#######.##.##... #...
#.........#######.##.##... #...
#.....(..@'.......##.##.#.
##...##..o(.o...##########.##.#.
#....).)(........#.........##.#>
#....###########.#.######### ##
#.... #...# #.### ##### #


You could see an orc priest and an orc.

Vanquished Creatures
  Natasha (D:2)
  A worker ant (D:3)
  An adder (D:3)
  A dart slug (D:1)
  2 leopard geckos
  3 orcs (D:3)
  6 bats
  A giant cockroach (D:1)
  4 hobgoblins
  3 jackals (D:1)
  6 kobolds
  A quokka (D:3)
  5 goblins
  5 rats
40 creatures vanquished.

Notes
Turn   | Place    | Note
-------+----------+-------------------------------------------
     0 | Abyss:1  | Danqa the Spriggan Abyssal Knight began the quest for the Orb.
     0 | Abyss:1  | Reached XP level 1. HP: 11/11 MP: 3/3
    73 | Abyss:2  | Noticed a thrashing horror
    75 | Abyss:2  | Noticed a thrashing horror
    89 | D:1      | Escaped the Abyss
   268 | D:1      | Reached * piety under Lugonu
   302 | D:1      | Reached skill level 4 in Dodging
   360 | D:1      | Reached XP level 2. HP: 9/16 MP: 4/4
   637 | D:1      | Reached skill level 1 in Bows
   637 | D:1      | Reached skill level 1 in Stealth
   999 | D:2      | Reached XP level 3. HP: 19/19 MP: 5/5
  1109 | D:2      | Noticed Natasha
  1113 | D:2      | Killed Natasha
  1339 | D:3      | Reached XP level 4. HP: 24/24 MP: 6/6
  1905 | D:3      | Killed from afar by an orc priest

Skill      XL: |  1  2  3  4 |
---------------+-------------+-----
Dodging        | 4 |  4.1
Bows           | 1 2 3 |  3.1
Stealth        | 1 2 |  2.4
Fighting       | 3 |  3.1
Short Blades   | |  2.1
Invocations    | |  1.8

Action                   |  1- 3 |  4- 6 || total
-------------------------+-------+-------++-------
Melee: Short sword       |    11 |       ||    11
       Dagger            |       |    14 ||    14
 Fire: Shortbow          |    87 |    40 ||   127
Invok: Depart the Abyss  |     1 |       ||     1
  Use: Scroll            |     4 |       ||     4
Armor: Robe              |     6 |     2 ||     8
Dodge: Dodged            |    39 |    36 ||    75
